 Dungeon Crawl Stone Soup version 0.25.1-1-g288607f5aa (webtiles) character file.

Game seed: 16509463740902185866

100 protoss039 the Magician (level 4, 0/24 HPs)
             Began as a Deep Elf Earth Elementalist on July 25, 2020.
             Slain by Natasha (6 damage)
             ... on level 3 of the Dungeon.
             The game lasted 00:04:54 (2838 turns).

protoss039 the Magician (DEEE)                      Turns: 2838, Time: 00:04:55

Health: 0/24       AC:  2    Str:  5    XL:     4   Next: 47%
Magic:  8/12       EV: 13    Int: 21    God:
Gold:   86         SH:  0    Dex: 15    Spells: 6/12 levels left

rFire    . . .     SeeInvis .   j - +0 dagger
rCold    . . .     Gourm    .   (no shield)
rNeg     . . .     Faith    .   c - +0 robe
rPois    .         Spirit   .   (no helmet)
rElec    .         Reflect  .   (no cloak)
rCorr    .         Harm     .   (no gloves)
MR       .....                  (no boots)
Stlth    ++........             m - amulet of regeneration
HPRegen  0.48/turn              (no ring)
MPRegen  0.13/turn              (no ring)

@: no status effects
A: no striking features
a: no special abilities


You were on level 3 of the Dungeon.
You were not hungry.

You visited 1 branch of the dungeon, and saw 3 of its levels.

You collected 86 gold pieces.

Inventory:

Hand Weapons
 j - a +0 dagger (weapon)
Armour
 c - a +0 robe (worn)
Jewellery
 m - an amulet of regeneration (around neck)
Scrolls
 g - a scroll of teleportation {unknown}
 h - a scroll of remove curse {unknown}
 i - a scroll of enchant weapon {unknown}
 l - a scroll of identify {unknown}
Potions
 a - a potion of lignification {unknown}
 e - 2 potions of ambrosia {unknown}
 f - a potion of mutation {unknown}
Comestibles
 d - 4 rations
 k - 2 chunks of flesh


   Skills:
 - Level 3.0 Dodging
 - Level 3.0 Stealth
 + Level 4.6 Spellcasting
 - Level 1.1 Transmutations
 + Level 4.4 Earth Magic


You had 6 spell levels left.
You knew the following spells:

 Your Spells              Type           Power        Failure   Level  Hunger
a - Sandblast             Erth           ###...       1%          1    None
b - Passwall              Tmut/Erth      ###.....     5%          2    #......
c - Stone Arrow           Conj/Erth      ##....       14%         3    ##.....

Your spell library contained the following spells:

 Spells                   Type           Power        Failure   Level  Hunger
 Petrify                  Tmut/Erth      ###.....     34%         4    ####...
 Lee's Rapid Deconstruct  Erth           ###.......   45%         5    ######.


Dungeon Overview and Level Annotations

Branches:
Dungeon (3/15)

Altars:

Annotations:
D:3 Natasha


Message History

Natasha is heavily wounded.
b - a stone Natasha claws you.
* * * LOW HITPOINT WARNING * * *
The rat bites you but does no damage. The shadow imp barely misses you.
Unknown command.
Unknown command.
Natasha casts a spell.
The shadow imp gestures at you.
You barely resist.
Unknown command.
Unknown command.
Casting: Sandblast (safe; 1% risk of failure)
Confirm with . or Enter, or press ? or * to list all spells.
Aiming: Sandblast (safe; 1% risk of failure)
Press: ? - help, Shift-Dir - straight line, f/p - Natasha
Aim: Natasha (heavily wounded)
The blast of sand hits Natasha.
Natasha is severely wounded.
You now have no stones remaining.
Natasha claws you.
You die...

#.###### #.# #.##...###
#.# #.# ..... ... #.#
...# #.# #.###.# #.#
......# #(# ......## #.#
### .......#########@#
##....
...............#h##.....
................r5..#
.....#.###..........#
.....#.# #..........#
...###.# #...........#
##.# #..............##
#.# #####........[##
#.....$...#.


You could see Natasha, a shadow imp (summoned) and a rat.

Vanquished Creatures
  3 adders (D:2)
  2 oozes
  3 worms (D:2)
  A dart slug (D:1)
  A leopard gecko (D:2)
  2 ball pythons
  4 giant cockroaches
  3 goblins
  7 hobgoblins
  10 kobolds
  8 bats
  3 frilled lizards (D:1)
  7 rats
54 creatures vanquished.

Notes
Turn   | Place    | Note
-------+----------+-------------------------------------------
     0 | D:1      | protoss039 the Deep Elf Earth Elementalist began the quest
                  | for the Orb.
     0 | D:1      | Reached XP level 1. HP: 10/10 MP: 6/6
   206 | D:1      | Reached XP level 2. HP: 15/15 MP: 8/8
   620 | D:1      | Reached XP level 3. HP: 1/19 MP: 5/9
  1326 | D:1      | Learned a level 2 spell: Passwall
  1330 | D:1      | Learned a level 3 spell: Stone Arrow
  2083 | D:2      | Reached XP level 4. HP: 23/24 MP: 9/12
  2824 | D:3      | Noticed Natasha
  2838 | D:3      | Slain by Natasha

Illustrated notes

Levels and vault maps discovered:
D:1:      noname_arrival_rooms_in_the_neighbourhood, layout_basic
D:2:      layout_basic, first_ration
D:3:      layout_loops_ring, overflow_temple_1_default,
          gammafunk_ghost_abyssal_escape, minmay_circle_x,
          uniq_crazy_yiuf_cottage, uniq_natasha

Skill      XL: |  1  2  3 |
---------------+----------+-----
Dodging        | 3 |  3.0
Stealth        | 3 |  3.0
Earth Magic    | 4 |  4.4
Spellcasting   | 4 |  4.6
Transmutations | |  1.1

Action                   |  1- 3 |  4- 6 || total
-------------------------+-------+-------++-------
Melee: Unarmed           |     6 |       ||     6
       Short sword       |    45 |       ||    45
       Dagger            |    28 |    36 ||    64
 Cast: Sandblast         |    41 |    17 ||    58
 Stab: Sleeping          |     5 |     2 ||     7
  Eat: Chunk             |     4 |     2 ||     6
Armor: Robe              |    23 |    11 ||    34
Dodge: Dodged            |    83 |    30 ||   113
